 Dungeon Crawl Stone Soup version 0.14-a0-2443-g5aee772 (webtiles) character file.

221 Kae the Firebug (level 5, -2/28 HPs)
             Began as a Tengu Fire Elementalist on Feb 5, 2014.
             Slain by Grinder (4 damage)
             ... while paralysed by Grinder
             ... on Level 3 of the Dungeon.
             The game lasted 00:03:52 (3195 turns).

Kae the Firebug (Tengu Fire Elementalist)           Turns: 3195, Time: 00:03:52

HP  -2/28        AC  2     Str  8      XL: 5   Next: 42%
MP   6/11        EV  2     Int 16      God:
Gold 60          SH  0     Dex 15      Spells:  3 memorised,  3 levels left

rFire  . . .     SeeInvis .     i - -1,+0 spear (curse)
rCold  . . .     Clarity  .     a - +0 robe
rNeg   . . .     Conserve .     (no shield)
rPois  .         rCorr    .     (helmet restricted)
rElec  .         rRot     .     (no cloak)
SustAb . .       Spirit   .     (no gloves)
rMut   .         Warding  .     (boots unavailable)
Saprov . . .     Stasis   .     (no amulet)
MR     .....                    (no ring)
                                (no ring)

@: paralysed, not resistant to hostile enchantments, fairly stealthy
A: able to fly, beak, talons 3
a: Fly


You were on level 3 of the Dungeon.
You were hungry.

You visited 1 branch of the dungeon, and saw 3 of its levels.

You collected 60 gold pieces.

Inventory:

Hand weapons
 f - a +0,+0 dagger
 g - a +0,+0 short sword
 i - a cursed -1,+0 spear (weapon)
Missiles
 h - 2 darts (quivered)
Armour
 a - a +0 robe (worn)
Magical devices
 p - a wand of slowing (12) {unknown}
Comestibles
 c - 2 bread rations
Scrolls
 d - a scroll of curse jewellery {unknown}
 e - a scroll of immolation {unknown}
 j - 5 scrolls of remove curse {unknown}
 k - a scroll of magic mapping {unknown}
 m - a scroll of identify {unknown}
 n - a scroll of curse armour {unknown}
 q - a scroll of enchant armour {unknown}
Potions
 l - a potion of brilliance {unknown}
 o - a potion of invisibility {unknown}
Books
 b - a book of Flames

   Spells                             Type                      Level
   *Flame Tongue                      Conjuration/Fire             1
   *Throw Flame                       Conjuration/Fire             2
   *Conjure Flame                     Conjuration/Fire             3
   Inner Flame                        Hexes/Fire                   3
   Sticky Flame                       Conjuration/Fire             4
   Fireball                           Conjuration/Fire             5


   Skills:
 - Level 2.1 Dodging
 - Level 2.0 Stealth
 + Level 2.7 Spellcasting
 * Level 4.5 Conjurations
 * Level 4.7 Fire Magic


You had 3 spell levels left.
You knew the following spells:

 Your Spells              Type           Power        Failure   Level  Hunger
a - Flame Tongue          Conj/Fire      ###..        3%          1    #......
b - Throw Flame           Conj/Fire      ###...       6%          2    ##.....
c - Conjure Flame         Conj/Fire      ###.....     12%         3    ###....


Dungeon Overview and Level Annotations

Branches:
Dungeon (3/16)

Altars:

Annotations:
D:2 Sigmund
D:3 Grinder


Innate Abilities, Weirdness & Mutations

You can fly.
You have a beak for a mouth.
You have claws for feet.


Message History

Confirm with . or Enter, or press ? or * to list all spells.
Aiming: Flame Tongue
Press: ? - help, Shift-Dir - straight line, f - Grinder
Aim: Grinder The flame hits Grinder.
Grinder is lightly wounded.
Casting: Flame Tongue
Confirm with . or Enter, or press ? or * to list all spells.
Aiming: Flame Tongue
Press: ? - help, Shift-Dir - straight line, f/p - Grinder
Aim: Grinder The flame hits Grinder.
Grinder is lightly wounded.
Grinder gestures at you.
You suddenly lose the ability to move!
Grinder is engulfed in roaring flames.
Grinder hits you!
You writhe in agony.
Grinder is engulfed in roaring flames.
Grinder hits you!
* * * LOW HITPOINT WARNING * * *
You writhe in agony.
You die...

.....##.<..(.#
#........
.....##......#
#........
.#....%......#
#.......
.######......# #......
.# #......# #.#.##
.######......#####.#.#
.............. ..#>
.############ #.# .#
#@# .# #5# .# #.# .#
####.# .# #....# .#
#..<.# .# #....# .#
#....# # .# #....#.#


You could see Grinder.

Vanquished Creatures
  4 gnolls (D:2)
  4 adders (D:2)
  4 worms
  3 giant geckos
  An orc (D:3)
  9 bats
  A giant cockroach (D:2)
  6 hobgoblins
  9 kobolds
  3 giant newts
  10 goblins
  A quokka (D:3)
  7 rats
62 creatures vanquished.

Notes
Turn   | Place    | Note
--------------------------------------------------------------
     0 | D:1      | Kae, the Tengu Fire Elementalist, began the quest for the Orb.
     0 | D:1      | Reached XP level 1. HP: 10/10 MP: 3/3
   409 | D:1      | Reached XP level 2. HP: 15/15 MP: 5/5
   893 | D:1      | Reached XP level 3. HP: 15/19 MP: 7/7
  1634 | D:2      | Reached skill level 4 in Fire Magic
  1870 | D:2      | Reached XP level 4. HP: 22/24 MP: 3/8
  1912 | D:2      | Learned a level 2 spell: Throw Flame
  1916 | D:2      | Learned a level 3 spell: Conjure Flame
  2573 | D:2      | Noticed Sigmund
  2652 | D:2      | Reached XP level 5. HP: 25/28 MP: 3/11
  3175 | D:3      | Noticed Grinder
  3177 | D:3      | Paralysed by Grinder for 4 turns
  3191 | D:3      | Paralysed by Grinder for 5 turns
  3195 | D:3      | Slain by Grinder

Action                   |  1- 3 |  4- 6 || total
-------------------------+-------+-------++-------
Melee: Unarmed           |    13 |       ||    13
       Dagger            |    42 |       ||    42
       Short sword       |     6 |    34 ||    40
       Spear             |       |     6 ||     6
 Cast: Flame Tongue      |    34 |    38 ||    72
       Conjure Flame     |       |     1 ||     1
